 Dungeon Crawl Stone Soup version 0.30.1-11-g7821555f0a (webtiles) character file.

Game seed: 5149185786114407947

270 Yifrit the Chopper (level 6, 0/55 HPs)
             Began as a Minotaur Berserker on Jan 10, 2024.
             Was a Believer of Trog.
             Succumbed to a kobold's poison
             ... on level 4 of the Dungeon.
             The game lasted 00:16:20 (2482 turns).

Yifrit the Chopper (Minotaur Berserker)             Turns: 2482, Time: 00:16:20

Health: 0/55       AC: 11    Str: 30    XL:     6   Next: 1%
Magic:  5/5        EV:  8    Int:  4    God:    Trog [**....]
Gold:   88         SH:  0    Dex:  9    Spells: 5/5 levels left

rFire   . . .        h - +0 war axe
rCold   . . .        (no shield)
rNeg    . . .        j - +0 plate armour
rPois   .            (helmet restricted)
rElec   .            (no cloak)
rCorr   .            (no gloves)
SInv    .            (no boots)
Will    .....        (no amulet) Stlth
                     l - +6 ring of strength
HPRegen 0.29/turn    (no ring)
MPRegen 0.09/turn

%: no passive effects
@: lethally poisoned (0 -> -7)
A: horns 2, retaliatory headbutt
a: Renounce Religion, Berserk, Trog's Hand


You were on level 4 of the Dungeon.
You worshipped Trog.
Trog was pleased with you.
You visited 1 branch of the dungeon, and saw 4 of its levels.

You collected 88 gold pieces.

Inventory:

Hand Weapons
 a - a +0 hand axe
 h - a +0 war axe (weapon)
Armour
 c - an orb of energy
 j - a +0 plate armour (worn)
Jewellery
 g - a ring of fire
 l - a +6 ring of strength (left hand)
Scrolls
 d - a scroll of fog
 e - 2 scrolls of identify
 f - a scroll of magic mapping
 k - a scroll of vulnerability {unknown}
Potions
 b - a potion of flight
 i - a potion of resistance (quivered) {unknown}


   Skills:
 + Level 4.9 Fighting
 + Level 5.9 Axes
 + Level 4.0 Armour
 + Level 3.2 Dodging
 + Level 0.7 Stealth


You had 5 spell levels left.
You didn't know any spells.
Your spell library contained the following spells:

 Spells                   Type           Power      Damage    Failure   Level
 Summon Guardian Golem    Hex/Summ       0%         N/A       100%        3
 Orb of Destruction       Conj           0%         9d5       100%        7
 Spellforged Servitor     Conj/Summ      0%         N/A       100%        7


Dungeon Overview and Level Annotations

Branches:
Dungeon (4/15)
 Temple: D:4-7

Altars:


Innate Abilities, Weirdness & Mutations

You have a pair of horns on your head.
You reflexively headbutt those who attack you in melee.


Message History

You miss the kobold.
You feel very sick. The kobold hits you but does no damage.
You closely miss the kobold. You punch the kobold, but do no damage.
You feel very sick. The kobold barely misses you. You furiously retaliate!
You headbutt the kobold. You slash the kobold!
You kill the kobold!
Trog accepts your kill.
You feel very sick.
You feel very sick.
Items here: ( )))))))))))) [[[[[ ††††††††.
You feel sick.
You feel sick.
Found a stone staircase leading up.
You feel sick.
You feel sick.
You feel sick.
You feel sick.
You feel sick.
You are no longer poisoned.
A kobold comes into view.
It is wielding a +0 club and quivering poisoned darts.
The kobold shouts!
The kobold throws a poisoned dart.
The poisoned dart hits you.
You are poisoned.
You see here a +6 ring of strength.
You feel sick.
k - a scroll labelled PIOBLY IQYXTOSUNK You feel sick.
You feel sick.
The kobold throws a poisoned dart.
The poisoned dart hits you!
You are lethally poisoned!
You see here a +6 ring of strength.
l - a +6 ring of strength
* * * LOW HITPOINT WARNING * * *
You feel sick.
You feel stronger.
l - a +6 ring of strength (left hand)
* * * LOW HITPOINT WARNING * * *
You feel sick.
Found a leather armour.
You die...

.#... ###### ....
...... #...#######
...... #.....#<..##.
......###............
.....................
.......#.............
....K..#............#
.......@...........#
..................#
...........##...#####
...........##.#......
[.####..<.......#..##
........#####)### ...
##..<... #.# #.
#...... #.# .......
#.#


You could see a kobold.

Vanquished Creatures
  A centaur (D:3)
  A sleepcap (D:3)
  An orc wizard (D:4)
  2 gnolls (D:3)
  4 adders
  A dart slug (D:3)
  13 orcs
  4 endoplasms
  2 giant cockroaches
  5 goblins
  5 hobgoblins
  2 jackals (D:4)
  3 quokkas
  6 ball pythons
  7 bats
  4 frilled lizards
  9 kobolds
  4 rats
74 creatures vanquished.

Notes
Turn   | Place    | Note
-------+----------+-------------------------------------------
     0 | D:1      | Yifrit the Minotaur Berserker began the quest for the Orb.
     0 | D:1      | Reached XP level 1. HP: 19/19 MP: 0/0
   281 | D:1      | Reached XP level 2. HP: 27/27 MP: 1/1
   336 | D:1      | Found a faded altar of an unknown god.
   555 | D:1      | Reached skill level 4 in Axes
   653 | D:1      | You fall into a shaft and drop 1 floor!
   687 | D:2      | Noticed an ogre
   925 | D:1      | Reached XP level 3. HP: 31/33 MP: 2/2
  1252 | D:3      | Reached ** piety under Trog
  1260 | D:3      | Reached XP level 4. HP: 13/41 MP: 3/3
  1546 | D:3      | Identified the +0 ring mail of the Worm {Int+2}
  1865 | D:3      | Noticed a centaur
  1877 | D:3      | Killed a centaur
  1878 | D:3      | Reached skill level 5 in Axes
  1878 | D:3      | Reached XP level 5. HP: 29/47 MP: 4/4
  2459 | D:4      | Reached XP level 6. HP: 37/55 MP: 5/5
  2481 | D:4      | HP: 2/55 [poisoned by a kobold]
  2482 | D:4      | Succumbed to a kobold's poison

Illustrated notes

Levels and vault maps discovered:
D:1:      heliophobic_arrival_dark_side_of_the_moon, layout_loops_corners,
          dreamdust_ecumenical_altar_hidden_monk_grotto
D:2:      layout_loops_ring, nicolae_eternal_life
D:3:      layout_loops_corners, minmay_circle_x
D:4:      layout_rooms, minmay_temple_entry_poolview, dk_rats_in_the_wall,
          uniq_robin

Skill      XL: |  1  2  3  4  5 |
---------------+----------------+-----
Axes           | 4 5 |  5.9
Fighting       | 4 |  4.9
Armour         | 3 4 |  4.0
Dodging        | 3 |  3.2
Stealth        | |  0.7

Action                     |  1- 3 |  4- 6 || total
---------------------------+-------+-------++-------
  Melee: Hand axe          |    87 |       ||    87
         Headbutt          |    13 |     5 ||    18
         War axe           |       |    83 ||    83
         Punch             |       |     1 ||     1
 Invoke: Berserk           |     1 |     1 ||     2
    Use: Scroll            |     5 |     2 ||     7
         Potion            |       |     2 ||     2
 Armour: Animal skin       |    13 |       ||    13
         Ring mail         |     7 |       ||     7
         Plate armour      |       |    63 ||    63
  Dodge: Dodged            |    49 |    32 ||    81
